 Dungeon Crawl Stone Soup version 0.20.1-1-g8b1a95d (webtiles) character file.

14 slep the Chopper (level 2, -7/19 HPs)
             Began as a Demonspawn Wanderer on Oct 23, 2017.
             Mangled by Sigmund
             ... wielding a +0 scythe
              (13 damage)
             ... on level 2 of the Dungeon.
             The game lasted 00:04:53 (1004 turns).

slep the Chopper (Demonspawn Wanderer)              Turns: 1004, Time: 00:04:53

Health: -7/19      AC:  3    Str: 13    XL:     2   Next: 31%
Magic:  2/2        EV: 11    Int: 14    God:
Gold:   28         SH:  0    Dex: 14    Spells: 1/1 levels left

rFire    . . .     SeeInvis .   g - +0 spear
rCold    . . .     Gourm    .   n - +0 buckler
rNeg     . . .     Faith    .   a - +0 leather armour
rPois    +         Spirit   .   (no helmet)
rElec    .         Reflect  .   (no cloak)
rCorr    .         Harm     .   (no gloves)
MR       .....                  (no boots)
Stlth    +.........             (no amulet)
Regen    0.1/turn               p - ring of poison resistance
MPRegen  0.1/turn               (no ring)

@: confused, hasted, very quick
A: claws 1, strong 2, wild magic 1, evolution 1
a: no special abilities


You were on level 2 of the Dungeon.
You were not hungry.

You visited 1 branch of the dungeon, and saw 2 of its levels.

You collected 28 gold pieces.

Inventory:

Hand Weapons
 e - a +0 dagger
 g - a +0 spear (weapon)
Missiles
 b - 4 throwing nets (quivered)
Armour
 a - a +0 leather armour (worn)
 c - a +0 ring mail
 n - a +0 buckler (worn)
Jewellery
 p - a ring of poison resistance (left claw)
Scrolls
 i - a scroll of fog {unknown}
 k - 2 scrolls of remove curse {unknown}
 l - a scroll of enchant armour {unknown}
 o - a scroll of recharging {unknown}
 q - a scroll of fear {unknown}
Potions
 d - 4 potions of curing
Comestibles
 f - a bread ration
 j - a royal jelly


   Skills:
 + Level 0.2 Fighting
   Level 1.0 Long Blades
   Level 3.6 Axes
 + Level 0.5(2.2) Polearms
 + Level 1.0 Throwing
 + Level 1.4 Armour
 + Level 1.2 Dodging
 + Level 2.1 Stealth


You had one spell level left.
You didn't know any spells.

Dungeon Overview and Level Annotations

Branches:
Dungeon (2/15)

Altars:

Annotations:
D:2 Sigmund


Innate Abilities, Weirdness & Mutations

You have sharp fingernails.
Your muscles are very strong. (Str +4)
Your spells are a little harder to cast, but a little more powerful.
You evolve.


Message History

You are confused.
You hit Sigmund but do no damage.
Sigmund is lightly wounded.
The dart slug launches a dart at you. The slug dart hits you!
You hit Sigmund.
Sigmund is lightly wounded.
Sigmund hits you with a scythe. The dart slug bites you.
You bump into the rock wall.
Sigmund barely misses you.
You miss Sigmund.
Sigmund is lightly wounded.
The dart slug bites you but does no damage.
You're too confused to move!
Sigmund closely misses you. The dart slug barely misses you.
There is a stone staircase leading up here.
You bump into the rock wall.
Sigmund hits you from afar with a scythe!
Ouch! That really hurt!
You die...

#. #.. #
##.. .#
.#...#####.#
...........#
...........#
...........#
#@.##.#
#w.@..#
#........###
#..#.....# #
#.#....
#.#.#..# .
#.#..# ..
..#..# ..
#.##...


You could see Sigmund and a dart slug.

Vanquished Creatures
  A ball python (D:1)
  4 bats (D:1)
  3 goblins (D:1)
  A hobgoblin (D:1)
  A frilled lizard (D:1)
  2 kobolds (D:1)
12 creatures vanquished.

Notes
Turn   | Place    | Note
-------+----------+-------------------------------------------
     0 | D:1      | slep the Demonspawn Wanderer began the quest for the Orb.
     0 | D:1      | slep set off with: a +0 leather armour, 4 throwing nets, a +0 ring mail, a potion of curing, a +0 dagger, a bread ration
     0 | D:1      | Reached XP level 1. HP: 13/13 MP: 1/1
   668 | D:1      | Gained mutation: You have sharp fingernails. [demonic ancestry]
   668 | D:1      | Reached XP level 2. HP: 19/19 MP: 2/2
   987 | D:2      | Noticed Sigmund
   988 | D:2      | Gained mutation: Your muscles are strong. (Str +2) [potion of mutation]
   988 | D:2      | Gained mutation: Your spells are a little harder to cast, but a little more powerful. [potion of mutation]
   988 | D:2      | Gained mutation: You evolve. [potion of mutation]
   988 | D:2      | Gained mutation: Your muscles are very strong. (Str +4) [potion of mutation]
  1004 | D:2      | Mangled by Sigmund

Skill      XL: |  1  2 |
---------------+-------+-----
Stealth        | 2 |  2.1
Fighting       | |  0.2
Long Blades    | |  1.0
Axes           | |  3.6
Polearms       | |  0.5
Throwing       | |  1.0
Armour         | |  1.4
Dodging        | |  1.2

Action                   || total
-------------------------++-------
Melee: Spear             ||    66
  Use: Potion            ||     2
 Stab: Sleeping          ||     2
Armor: Leather armour    ||    28
Dodge: Dodged            ||    40
Block: Buckler           ||     2
